 Dungeon Crawl Stone Soup version 0.24.1-14-gf8d2b509d9 (webtiles) character file.

Game seed: 5485935878398039956, levelgen mode: deterministic

74 Jumperg the Shooter (level 4, 0/35 HPs)
             Began as a Centaur Arcane Marksman on June 18, 2020.
             Slain by a bullfrog (6 damage)
             ... on level 2 of the Dungeon.
             The game lasted 00:22:11 (1701 turns).

Jumperg the Shooter (Centaur Arcane Marksman)       Turns: 1701, Time: 00:22:11

Health: 0/35       AC:  4    Str: 13    XL:     4   Next: 10%
Magic:  5/6        EV:  9    Int: 13    God:
Gold:   90         SH:  0    Dex:  9    Spells: 5/6 levels left

rFire    . . .     SeeInvis .   b - +0 hand axe
rCold    . . .     Gourm    .   (no shield)
rNeg     . . .     Faith    .   e - +0 robe
rPois    .         Spirit   .   (no helmet)
rElec    .         Reflect  .   (no cloak)
rCorr    .         Harm     .   (no gloves)
MR       .....                  (no barding)
Stlth    +.........             (no amulet)
HPRegen  0.11/turn              (no ring)
MPRegen  0.10/turn              (no ring)

@: very quick
A: large, hooves 3, deformed body, speed 2, tough skin 3
a: no special abilities


You were on level 2 of the Dungeon.
You were not hungry.

You visited 1 branch of the dungeon, and saw 2 of its levels.

You collected 90 gold pieces.

Inventory:

Hand Weapons
 a - a +0 shortbow
 b - a +0 hand axe (weapon)
 g - a +3 hand axe of venom
Missiles
 d - 8 arrows
 h - 161 stones
 n - 13 sling bullets
 s - 8 poisoned darts (quivered)
Armour
 e - a +0 robe (worn)
 q - a +2 robe of magic resistance
Jewellery
 k - an uncursed ring of protection from magic {unknown}
 m - an uncursed amulet of the acrobat {unknown}
Scrolls
 j - 2 scrolls of identify {unknown}
 l - 3 scrolls of remove curse {unknown}
 r - a scroll of fog {unknown}
Potions
 c - a potion of curing {unknown}
 o - 2 potions of heal wounds {unknown}
 p - 2 potions of lignification {unknown}
Comestibles
 f - 6 rations


   Skills:
 - Level 1.0 Fighting
 + Level 4.0 Bows
 - Level 1.3 Dodging
 + Level 1.9 Spellcasting
 + Level 3.4 Hexes


You had 5 spell levels left.
You knew the following spells:

 Your Spells              Type           Power        Failure   Level  Hunger
a - Corona                Hex            ##.....      6%          1    ##.....

Your spell library contained the following spells:

 Spells                   Type           Power        Failure   Level  Hunger
 Slow                     Hex            ##......     10%         2    ###....
 Inner Flame              Hex/Fire       #.......     36%         3    ####...
 Portal Projectile        Hex/Tloc       #.....       36%         3    ####...
 Cause Fear               Hex            ##........   52%         4    #####..
 Leda's Liquefaction      Hex/Erth       #.........   77%         4    #####..


Dungeon Overview and Level Annotations

Branches:
Dungeon (2/15)

Altars:


Innate Abilities, Weirdness & Mutations

You have hooves in place of feet.
Armour fits poorly on your strangely shaped body.
You cover ground very quickly.
You have extremely tough skin. (AC +3)


Message History

The bullfrog hits you. x2
You hit the bullfrog.
The bullfrog is heavily wounded.
The bullfrog hits you.
The bullfrog hits you but does no damage.
You barely miss the bullfrog. Your kick misses the bullfrog.
The bullfrog is heavily wounded.
The bullfrog barely misses you. The bullfrog hits you.
You barely miss the bullfrog.
The bullfrog is heavily wounded.
The bullfrog hits you!
* * * LOW HITPOINT WARNING * * *
The bullfrog barely misses you.
You hit the bullfrog but do no damage. Your kick misses the bullfrog.
The bullfrog is heavily wounded.
The bullfrog barely misses you. The bullfrog completely misses you.
You hit the bullfrog but do no damage. Your kick misses the bullfrog.
The bullfrog is heavily wounded.
The bullfrog stops glowing.
The bullfrog hits you.
You die...

#####....##.#............##......
.........................##......
#####....#.##............##......
##.###.........##.##.).......
#.##...#.........#####......
#.##.###.......### #...... ..##.
#.......# #......
..#######...F.## #...... #
...##>##....@..# #...... . ..>
#...#.#..#### ##..### ....
#.⌠.###.## ##..#≈# .... #...# #.#
#..##≈# (.. ##.## #.# #.###≈#
#.#######'####### #.##.≈.
.##...##...##...## #.##.≈.
.#<.⌠.(..⌠.')F⌠.<##########.##.≈.
###...##...##)..##.÷..........###


You could see a bullfrog.

Vanquished Creatures
  2 adders (D:2)
  An ooze (D:2)
  2 worms
  A dart slug (D:1)
  3 ball pythons
  2 giant cockroaches (D:1)
  3 goblins
  5 hobgoblins
  2 jackals (D:1)
  6 kobolds
  2 quokkas (D:2)
  6 bats
  3 frilled lizards
  4 rats
  A bush (D:1)
43 creatures vanquished.

Notes
Turn   | Place    | Note
-------+----------+-------------------------------------------
     0 | D:1      | Jumperg the Centaur Arcane Marksman began the quest for the
                  | Orb.
     0 | D:1      | Reached XP level 1. HP: 16/16 MP: 2/2
    81 | D:1      | Reached skill level 3 in Bows
   126 | D:1      | Reached XP level 2. HP: 23/23 MP: 3/3
   769 | D:2      | Noticed a bullfrog
   915 | D:2      | Reached XP level 3. HP: 28/28 MP: 3/5
  1379 | D:2      | Reached XP level 4. HP: 30/35 MP: 4/6
  1572 | D:2      | Reached skill level 4 in Bows
  1701 | D:2      | Slain by a bullfrog

Levels and vault maps discovered:
D:1:      saegor_arrival_simple_e, layout_rooms, serial_forest,
          infiniplex_forest_clump_cross, infiniplex_forest_split,
          infiniplex_forest_clump_double, infiniplex_forest_end_2,
          infiniplex_forest_lined_2, infiniplex_forest_zigzag_2
D:2:      layout_rooms, chequers_garden, chequers_serial_rivers_micro_b,
          grunt_ministairs_5, kennysheep_generic_room_14

Skill      XL: |  1  2  3  4 |
---------------+-------------+-----
Bows           | 3 4 |  4.0
Hexes          | 3 |  3.4
Fighting       | |  1.0
Dodging        | |  1.3
Spellcasting   | |  1.9

Action                   |  1- 3 |  4- 6 || total
-------------------------+-------+-------++-------
Melee: Hand axe          |   167 |    18 ||   185
       Kick              |    58 |     5 ||    63
 Fire: Shortbow          |    61 |     7 ||    68
Throw: Stone             |    10 |       ||    10
       Dart              |       |     1 ||     1
 Cast: Corona            |     9 |     3 ||    12
  Eat: Chunk             |     1 |     1 ||     2
Armor: Robe              |    21 |     5 ||    26
Dodge: Dodged            |    29 |    10 ||    39
